[Event "Mitropa Cup Women 2024"]
[Site "Apolda"]
[Date "2024.02.19"]
[Round "5.19"]
[White "Schulze, Lara"]
[Black "Berke, Ana"]
[Result "1/2-1/2"]
[ECO "B22"]
[WhiteElo "2285"]
[BlackElo "2092"]
[Annotator "TA"]
[PlyCount "80"]
[EventDate "2024.02.15"]
[EventType "team-tourn"]
[EventCountry "GER"]
[SourceTitle "playchess.com"]
[Source "ChessBase"]
[SourceQuality "1"]
[WhiteTeam "Germany"]
[BlackTeam "Croatia"]
[WhiteTeamCountry "GER"]
[BlackTeamCountry "CRO"]
[TimeControl "40/5400+30:1800+30"]

1. e4 c5 2. Nf3 e6 3. c3 Nf6 4. e5 Nd5 5. d4 cxd4 6. cxd4 d6 7. Bc4 Be7 8. O-O O-O 9. Qe2 Bd7 10. Bxd5 exd5 11. Nc3 Be6 12. Bf4 Nc6 13. Rad1 a6 14. Rfe1 Rc8 15. h3 b5 16. Qd2 b4 17. Na4 dxe5 18. Nxe5 Nxe5 19. Bxe5 Bf5 20. Rc1 {[%emt 0:07:10] Wehrt Bc2 ab} Re8 21. Rxc8 Qxc8 22. Rc1 Qe6 23. Bf4 h6 24. Nc5 Qg6 25. Kh2 a5 26. Re1 Qc6 27. g4 Bg6 28. Re3 Bf8 29. Rxe8 Qxe8 30. Nb3 (30. Kg2 $11 {hält das Gleichgewicht.}) 30... a4 ({Besser ist} 30... Qb5 $17 31. Kg2 Be4+ 32. f3 Bb1) 31. Nc5 $15 Qb5 32. Qe3 Kh7 ({Vorzuziehen ist} 32... Qf1 $17 {...Bxc5 wäre nun fies.} 33. f3 Qb1) 33. Kg1 Qc6 34. Kh2 {[%emt 0:01:41] Die Stellung ist ausgeglichen.} Bb1 35. a3 bxa3 36. bxa3 Bg6 37. Kg1 Qb5 38. Kg2 Qc6 {[%emt 0:01:21] Mit der Idee ...Bxc5.} 39. Kg1 Qb5 40. Kg2 Qc6 {[%emt 0:01:22] Gewichteter Fehlerwert: Weiß=0.10 (sehr präzise) /Schwarz=0.12 (sehr präzise) .  Fehler:       	Weiß=1     	Schwarz=2     Ungenau:       	Weiß=3     	Schwarz=1     OK:         	Weiß=12    	Schwarz=10    Bester:       	Weiß=1     	---} 1/2-1/2

[Event "Mitropa Cup Women 2024"]
[Site "Apolda"]
[Date "2024.02.19"]
[Round "5.20"]
[White "Mihaljevic, Eva"]
[Black "Dolzhykova, Kateryna"]
[Result "0-1"]
[ECO "B72"]
[WhiteElo "2043"]
[BlackElo "2227"]
[Annotator "TA"]
[PlyCount "120"]
[EventDate "2024.02.15"]
[EventType "team-tourn"]
[EventCountry "GER"]
[SourceTitle "playchess.com"]
[Source "ChessBase"]
[SourceQuality "1"]
[WhiteTeam "Croatia"]
[BlackTeam "Germany"]
[WhiteTeamCountry "CRO"]
[BlackTeamCountry "GER"]
[TimeControl "40/5400+30:1800+30"]

1. e4 c5 2. Nf3 d6 3. d4 cxd4 4. Nxd4 Nf6 5. Nc3 Nc6 6. Be2 g6 7. Be3 Bg7 8. Qd2 Ng4 9. Bxg4 Bxg4 10. f3 {[%emt 0:00:10] Black must now prevent Nxc6.} Bd7 11. O-O-O Ne5 12. b3 {[%emt 0:11:11] Wards off Nc4} Qa5 {[%emt 0:00:37] The position is equal.} 13. Kb1 Rc8 14. Nd5 Qxd2 15. Rxd2 e6 16. Nb4 Rc3 17. Nd3 Nxd3 18. cxd3 a6 19. Ne2 Rc7 20. Rc1 Rxc1+ 21. Kxc1 Ke7 22. Rc2 h5 23. Kd2 Rc8 {[%emt 0:00:53] Against Rc7} 24. Rxc8 Bxc8 $11 {[%emt 0:00:02][%mdl 4096] Endgame. KBB-KBN} 25. Bd4 e5 26. Be3 Be6 27. d4 d5 28. Kd3 dxe4+ 29. fxe4 f5 30. dxe5 Bxe5 31. Nf4 Kf7 32. Nxe6 Kxe6 {[%emt 0:00:04] KB-KB} 33. h3 f4 34. Bd4 (34. Bf2 $11) 34... Bxd4 $1 $19 35. Kxd4 {[%emt 0:00:06] KP-KP} g5 {[%emt 0:00:01] ...g4 is the strong threat.} 36. e5 g4 $2 (36... a5 $19 37. h4 gxh4) 37. hxg4 $1 $11 hxg4 38. Ke4 f3 39. gxf3 g3 40. Ke3 $1 {[%emt 0:00:16] And now f4 would win.} ({Not} 40. f4 $2 g2 41. f5+ Kd7 $19) 40... Kxe5 {[%emt 0:00:57] K3P-K3P} 41. f4+ Kf5 42. Kf3 g2 43. Kxg2 Kxf4 {[%emt 0:00:05] KPP-KPP} 44. Kf2 Ke4 45. Ke2 b5 46. a3 a5 (46... Kd4 $5 47. Kd2 $8 a5 $11) 47. Kd2 $1 Kd4 48. Kc2 Ke4 49. Kd2 $1 Kd4 50. Kc2 Ke3 51. Kc3 Ke4 52. Kc2 b4 {[%emt 0:01:21] ( -> ...Ke3)} 53. axb4 $2 (53. Kd2 $11) 53... axb4 {[%emt 0:00:06] KP-KP} 54. Kd2 Kd4 55. Kc2 {[%emt 0:00:38] [#]} Ke3 $1 56. Kb2 Kd2 57. Ka1 Kc3 58. Ka2 Kc2 59. Ka1 Kxb3 60. Kb1 {[%emt 0:00:44] [#]} Ka3 $1 {[%emt 0:00:06] Weighted Error Value: White=0.25 (precise) /Black=0.11 (very precise) .  Loses game:     	White=2     	---        Inaccurate:     	White=1     	Black=1      OK:         	White=21    	Black=15     Best:        	White=3     	Black=3      Strong:       	White=3     	Black=1} 0-1

[Event "Mitropa Cup Women 2024"]
[Site "Apolda"]
[Date "2024.02.20"]
[Round "6.1"]
[White "Terbe, Julianna"]
[Black "Polterauer, Chiara"]
[Result "1/2-1/2"]
[ECO "A17"]
[WhiteElo "2315"]
[BlackElo "2189"]
[Annotator "RC"]
[PlyCount "91"]
[EventDate "2024.02.15"]
[EventType "team-tourn"]
[EventCountry "GER"]
[SourceTitle "playchess.com"]
[Source "ChessBase"]
[SourceQuality "1"]
[WhiteTeam "Hungary"]
[BlackTeam "Austria"]
[WhiteTeamCountry "HUN"]
[BlackTeamCountry "AUT"]
[TimeControl "40/5400+30:1800+30"]

1. c4 c5 2. Nc3 Nf6 3. Nf3 d5 4. cxd5 Nxd5 5. e3 e6 6. Nxd5 exd5 7. Bb5+ Bd7 8. Bxd7+ Qxd7 9. b3 Be7 10. Ba3 O-O 11. O-O b6 12. d4 a5 13. Rc1 Na6 14. dxc5 bxc5 15. Ne5 Qd6 16. Nd3 Rac8 17. Qf3 Nb4 18. Bxb4 axb4 19. Rfd1 Bf6 20. g3 Rfd8 21. Nf4 d4 22. Rc2 Be5 23. exd4 cxd4 24. Rxc8 Rxc8 25. Nd3 Bf6 26. Qf5 Ra8 27. Rd2 g6 28. Qb5 Rb8 29. Qc4 Qe7 30. Qc6 Kg7 31. Rc2 Qa7 32. Qf3 Rb6 33. Qd5 Qe7 34. Rc4 Qe2 35. Nf4 Qe7 36. Qf3 Be5 37. Nd3 Bf6 38. Kg2 Rb5 39. Qc6 Ra5 40. Rc2 Rf5 41. Nf4 Qd8 42. Qb7 Qd6 43. Nd3 Qe6 44. Qc6 Qe7 45. Nf4 Qd8 46. Qb7 1/2-1/2

[Event "Mitropa Cup Women 2024"]
[Site "Apolda"]
[Date "2024.02.20"]
[Round "6.2"]
[White "Hapala, Elisabeth"]
[Black "Demeter, Dorina"]
[Result "1/2-1/2"]
[ECO "C60"]
[WhiteElo "2001"]
[BlackElo "2271"]
[Annotator "TA"]
[PlyCount "215"]
[EventDate "2024.02.15"]
[EventType "team-tourn"]
[EventCountry "GER"]
[SourceTitle "playchess.com"]
[Source "ChessBase"]
[SourceQuality "1"]
[WhiteTeam "Austria"]
[BlackTeam "Hungary"]
[WhiteTeamCountry "AUT"]
[BlackTeamCountry "HUN"]
[TimeControl "40/5400+30:1800+30"]

1. e4 e5 2. Nf3 Nc6 3. Bb5 Nge7 4. O-O g6 5. c3 a6 6. Ba4 Bg7 7. d4 exd4 8. cxd4 b5 9. Bb3 O-O 10. d5 Na5 11. Bc2 d6 12. Bd2 (12. Nc3 $11) 12... Nc4 (12... Bxb2 $17 13. Bc3 Bxc3 (13... Bxa1 14. Bxa1 f6 15. a4 $19) 14. Nxc3 c5) 13. Bc3 $11 Nxb2 14. Qc1 Nc4 15. Bxg7 Kxg7 16. a4 Bg4 17. Nd4 {[%emt 0:04:17] [#]} (17. Nfd2 $11) 17... Bd7 (17... c5 $1 $17 18. Nb3 Rc8) 18. axb5 axb5 19. Rxa8 Qxa8 20. Bd3 Qa4 21. Nc3 Qb4 22. Ndxb5 Ne5 23. Be2 Rb8 24. Na3 Ra8 25. Nab1 Ng8 26. Nd2 Ra5 27. Ndb1 (27. h3 $11) 27... Nf6 (27... f5 $5 28. exf5 Bxf5 $11) 28. Qe3 Rc5 29. h3 {[%emt 0:01:28] Und jetzt f4 wäre schön.} Ra5 30. f4 Nc4 31. Qd4 Qc5 32. Qxc5 Rxc5 33. e5 dxe5 34. Bxc4 Rxc4 35. fxe5 Ne4 36. Ne2 (36. e6 $11 {hält das Gleichgewicht.} fxe6 37. Nxe4 Rxe4 38. Rc1) 36... Rc5 $17 37. Rd1 Bb5 38. Nd4 {[%emt 0:02:09] [#]} Bc4 $1 {[%emt 0:06:56] Es drohte Nb3} (38... Rxd5 39. Nf5+ gxf5 40. Rxd5 $16) 39. d6 cxd6 (39... Rxe5 $2 {zu gefräßig.} 40. d7 Rd5 41. Ne6+ (41. Nf5+ Rxf5 42. d8=Q Nf6 $18) 41... fxe6 42. Rxd5 (42. d8=R c5 $11) (42. d8=Q Rxd8 43. Rxd8 Nc5 $14) 42... Bxd5 43. d8=Q $18 (43. d8=R c5 $11)) 40. exd6 Nxd6 41. Nd2 Bd5 42. N2f3 Ne4 43. Kh2 Ra5 44. Ne2 Nf2 45. Rf1 Bxf3 46. Rxf2 {[%emt 0:00:26][%mdl 4096] Endspiel. KRB-KRN} Be4 47. Nd4 Rd5 48. Nf3 h6 49. Re2 f5 50. Kg3 Kf6 51. Rb2 Rd6 {[%emt 0:00:31] Verhindert Rb6.} 52. Ra2 Rc6 53. Rb2 Ra6 54. Rd2 g5 55. Rb2 h5 56. Kf2 Rd6 57. Ra2 h4 58. Rb2 Ra6 59. Rd2 Bxf3 (59... Rc6 $19 60. Rd4 Rc2+ 61. Kg1 Rc3) 60. Kxf3 $19 {[%emt 0:00:07] KR-KR} Ra3+ 61. Kf2 Ke5 62. Rb2 Rd3 63. Ra2 Ke4 64. Ra4+ Rd4 65. Ra2 Rc4 66. Rb2 Kd3 (66... g4 $17) 67. Rb3+ (67. Rb5 $1 $11 {bleibt in der Remisbreite.}) 67... Kd2 ({Besser ist} 67... Kd4 $17) 68. Rb2+ $11 {[%emt 0:01:01] Die Stellung ist ausgeglichen.} Rc2 69. Rb5 Kd1+ 70. Kf1 Kd2 71. Rxf5 Ke3 {[%emt 0:00:16][%cal Rc2c1] Lässt Rf2 nicht zu} 72. Kg1 (72. Rxg5 $2 Rc1#) 72... g4 73. hxg4 Rc4 74. g5 Rg4 75. Kh2 {[%emt 0:00:19] Droht Kh3 und aus.} Ke4 76. Rf2 {[%emt 0:02:49] Kh3 wäre nun fies.} Rxg5 77. Kh3 Rh5 78. Ra2 Kf5 79. Ra4 Kf6 80. Rf4+ Kg6 81. Rg4+ Kf6 82. Rxh4 Ra5 83. Rb4 Kg5 84. Rb8 Ra3+ 85. g3 Rc3 86. Ra8 Rb3 87. Ra5+ Kg6 88. Kh4 Rb4+ 89. g4 Rb6 90. Ra8 Rc6 91. Rg8+ Kh7 92. Rg5 Kh6 93. Ra5 Kg6 94. Re5 Ra6 95. Kg3 Ra3+ 96. Kf4 Ra4+ 97. Re4 Rxe4+ 98. Kxe4 {[%emt 0:00:02] KP-K} Kg5 99. Kf3 Kg6 100. Kf4 Kf6 101. g5+ Kg6 102. Kg4 Kg7 103. Kf5 Kf7 104. g6+ Kg7 105. Kg5 Kg8 106. Kf6 {[%emt 0:00:03] Droht Matt per g7.} (106. Kf5 $5) 106... Kf8 107. g7+ Kg8 108. Kg6 {[%emt 0:10:40] Gewichteter Fehlerwert: Weiß=0.18 (sehr präzise) /Schwarz=0.15 (sehr präzise) .  Fehler:       	Weiß=5     	Schwarz=5     Ungenau:       	Weiß=7     	Schwarz=5     OK:         	Weiß=35    	Schwarz=34    Bester:       	Weiß=2     	Schwarz=5     Stark:        	---       	Schwarz=1} 1/2-1/2

[Event "Mitropa Cup Women 2024"]
[Site "Apolda"]
[Date "2024.02.20"]
[Round "6.3"]
[White "Terbe, Zsuzsanna"]
[Black "Mayrhuber, Nikola"]
[Result "1-0"]
[ECO "E51"]
[WhiteElo "2170"]
[BlackElo "2009"]
[Annotator "RC"]
[PlyCount "69"]
[EventDate "2024.02.15"]
[EventType "team-tourn"]
[EventCountry "GER"]
[SourceTitle "playchess.com"]
[Source "ChessBase"]
[SourceQuality "1"]
[WhiteTeam "Hungary"]
[BlackTeam "Austria"]
[WhiteTeamCountry "HUN"]
[BlackTeamCountry "AUT"]
[TimeControl "40/5400+30:1800+30"]

1. d4 Nf6 2. c4 e6 3. Nc3 Bb4 4. e3 O-O 5. Bd2 d5 6. Nf3 b6 7. cxd5 exd5 8. Rc1 Bb7 9. Bd3 Be7 10. O-O c5 11. Be1 Nc6 12. Ne5 Bd6 13. f4 cxd4 14. Nxc6 Bxc6 15. Ne2 Bd7 16. Nxd4 Qe7 17. Qd2 Rfe8 18. Rf3 Bg4 19. Rg3 Bc5 20. Bf2 Bxd4 21. exd4 Qd7 22. Qb4 Rac8 23. Rc3 Rxc3 24. bxc3 Be2 25. Bb1 Bc4 26. h3 Nh5 27. Rg4 Re2 28. a4 Nf6 29. Rg5 Ne8 30. Re5 f6 31. Bf5 Qc6 32. Rxe2 Bxe2 33. Qe7 h5 34. Qxe2 Nd6 35. Qe6+ 1-0

[Event "Mitropa Cup Women 2024"]
[Site "Apolda"]
[Date "2024.02.20"]
[Round "6.4"]
[White "Deak-Sala, Emilia"]
[Black "Ivan-Gal, Hanna Krisztina"]
[Result "1/2-1/2"]
[ECO "B49"]
[WhiteElo "1843"]
[BlackElo "2191"]
[Annotator "RC"]
[PlyCount "94"]
[EventDate "2024.02.15"]
[EventType "team-tourn"]
[EventCountry "GER"]
[SourceTitle "playchess.com"]
[Source "ChessBase"]
[SourceQuality "1"]
[WhiteTeam "Austria"]
[BlackTeam "Hungary"]
[WhiteTeamCountry "AUT"]
[BlackTeamCountry "HUN"]
[TimeControl "40/5400+30:1800+30"]

1. e4 c5 2. Nc3 e6 3. Nge2 Nc6 4. d4 cxd4 5. Nxd4 Qc7 6. Be2 a6 7. O-O Nf6 8. Be3 b5 9. a3 Bb7 10. Nxc6 Bxc6 11. Bd3 Qb7 12. f3 Be7 13. Qe1 d6 14. Ne2 e5 15. Nc3 O-O 16. Bg5 a5 17. Rd1 b4 18. axb4 axb4 19. Bxf6 Bxf6 20. Nd5 Bxd5 21. exd5 b3 22. c3 g6 23. Bb1 Ra5 24. Qd2 Rc8 25. Kh1 Rcc5 26. Be4 Be7 27. g4 Kg7 28. f4 Ra4 29. Qg2 Rcc4 30. Rde1 Bh4 31. Re2 exf4 32. Rxf4 Bf6 33. Rf1 Be5 34. Qf3 f6 35. Qd3 Rc5 36. Bf3 Qa6 37. Qd1 Qb5 38. Ref2 Qb7 39. Qd3 Ra2 40. Re2 Qb5 41. Qxb5 Rxb5 42. Kg2 Kf7 43. Rd1 Ke7 44. Rf1 Kd7 45. Rd1 Rba5 46. Rf2 Kc7 47. Re2 Kb6 1/2-1/2

[Event "Mitropa Cup Women 2024"]
[Site "Apolda"]
[Date "2024.02.20"]
[Round "6.5"]
[White "Hakimifard, Ghazal"]
[Black "Brunello, Marina"]
[Result "0-1"]
[ECO "B15"]
[WhiteElo "2243"]
[BlackElo "2345"]
[Annotator "TA"]
[PlyCount "94"]
[EventDate "2024.02.15"]
[EventType "team-tourn"]
[EventCountry "GER"]
[SourceTitle "playchess.com"]
[Source "ChessBase"]
[SourceQuality "1"]
[WhiteTeam "Switzerland"]
[BlackTeam "Italy"]
[WhiteTeamCountry "SUI"]
[BlackTeamCountry "ITA"]
[TimeControl "40/5400+30:1800+30"]

1. e4 c6 2. d4 d5 3. Nd2 dxe4 4. Nxe4 Nf6 5. Nxf6+ exf6 6. c3 Bd6 7. Bd3 O-O 8. Be3 Re8 9. Qc2 h5 10. O-O-O Nd7 11. Ne2 Nf8 {[%emt 0:00:00] White has an edge.} 12. Ng3 g6 13. Bh6 Be6 14. Kb1 b5 15. h3 Bd5 16. Rhg1 Qe7 17. Bxf8 (17. Nf1 $11 {remains equal.}) 17... Kxf8 $17 18. Qd2 (18. Nf1 $15) 18... Kg7 {[%emt 0:00:00] Black is more active.} (18... Bxg3 {simplifies} 19. fxg3 Qe3 20. g4 hxg4 21. hxg4 Kg7) 19. Rde1 Qc7 $36 {[%emt 0:00:00][%mdl 2048] Black is in control.} 20. Ne4 {[%emt 0:00:00] White does not recover from this.} (20. Nf1 $17 {keeps fighting.}) 20... Bh2 {[%emt 0:00:00] A strong pair of Bishops.} 21. f3 Bxg1 22. Rxg1 f5 23. Nc5 Qg3 {[%emt 0:00:00] ...Bxf3 is the strong threat.} 24. Rd1 Re7 25. b3 Qh4 26. Bf1 Rae8 27. Nd3 Rd8 28. Nc5 f4 29. c4 (29. Na6 $142) 29... bxc4 $19 30. bxc4 Be6 31. Qc3 Bf5+ 32. Kc1 $2 (32. Bd3) 32... Re3 {[%emt 0:00:34] Black is clearly winning.} 33. Qb2 Qf6 34. Nb3 Kh7 {[%emt 0:00:53] [#] aiming for ...Rb8.} 35. Qd2 Qe7 36. Kb2 {[%emt 0:00:44] Prevents Qa3+.} Rb8 {[%emt 0:02:28] Threatens to win with ...Qb7.} 37. Qa5 Qb7 {[%emt 0:00:44][%cal Re3b3] ( -> ...Rxb3+)} 38. Qa4 Qb6 39. Ka1 Rbe8 (39... Bc2 $142 40. c5 Qc7) 40. c5 Qc7 {[%emt 0:01:15] [#] Strongly threatening ...Re1.} 41. Bc4 Re1 42. Rxe1 Rxe1+ 43. Kb2 Rg1 44. Ka3 Rxg2 45. d5 cxd5 46. Bxd5 Bxh3 47. Qe8 Kg7 {[%emt 0:00:00] Weighted Error Value: White=0.92/Black=0.48.  Mistake:       	White=5     	---        Inaccurate:     	White=6     	Black=3      OK:         	White=2     	Black=11     Best:        	---       	Black=1} 0-1

[Event "Mitropa Cup Women 2024"]
[Site "Apolda"]
[Date "2024.02.20"]
[Round "6.6"]
[White "Zimina, Olga"]
[Black "Georgescu, Lena"]
[Result "1-0"]
[ECO "D02"]
[WhiteElo "2291"]
[BlackElo "2268"]
[Annotator "TA"]
[PlyCount "59"]
[EventDate "2024.02.15"]
[EventType "team-tourn"]
[EventCountry "GER"]
[SourceTitle "playchess.com"]
[Source "ChessBase"]
[SourceQuality "1"]
[WhiteTeam "Italy"]
[BlackTeam "Switzerland"]
[WhiteTeamCountry "ITA"]
[BlackTeamCountry "SUI"]
[TimeControl "40/5400+30:1800+30"]

1. d4 Nf6 2. Nf3 d5 3. g3 c5 4. Bg2 cxd4 5. O-O h6 6. Bf4 e6 7. Nxd4 g5 8. Bc1 {[%emt 0:00:10][%cal Oc2c4] Weiß hat minimalen Vorteil.} e5 9. Nb3 Nc6 10. c4 Be6 11. cxd5 Nxd5 12. Bd2 Qd7 13. Nc3 O-O-O 14. Nxd5 (14. Qc1 $14) 14... Bxd5 $11 15. Be3 Bxg2 16. Qxd7+ Rxd7 17. Kxg2 Be7 18. Rac1 Kb8 19. f4 (19. Rfd1 $142 Rhd8 20. Rxd7 Rxd7 21. f4) 19... gxf4 20. gxf4 e4 21. Rfd1 Rhd8 (21... Rxd1 $11 22. Rxd1 f5) 22. Rxd7 $16 Rxd7 {[%emt 0:00:03] [#]} 23. Nc5 $1 Rd5 (23... Bxc5 $142 24. Rxc5 Ne7) 24. Nxe4 Nd4 25. Nc3 Rd8 26. Rd1 Rg8+ 27. Kf1 Ne6 {[%emt 0:02:55] [#]} (27... Nf5 28. Bf2 Rd8 29. Rxd8+ Bxd8) 28. Rd7 $18 Bd8 29. Rxf7 Bc7 30. Nb5 {[%emt 0:00:00] Gewichteter Fehlerwert: Weiß=0.10 (sehr präzise) /Schwarz=0.33.  Fehler:       	Weiß=2     	Schwarz=3     Ungenau:       	---       	Schwarz=4     OK:         	Weiß=12    	Schwarz=5     Bester:       	Weiß=2     	---        Stark:        	Weiß=1     	---} 1-0

[Event "Mitropa Cup Women 2024"]
[Site "Apolda"]
[Date "2024.02.20"]
[Round "6.7"]
[White "Hryzlova, Sofiia"]
[Black "Gueci, Tea"]
[Result "1-0"]
[ECO "D30"]
[WhiteElo "2196"]
[BlackElo "2193"]
[Annotator "RC"]
[PlyCount "61"]
[EventDate "2024.02.15"]
[EventType "team-tourn"]
[EventCountry "GER"]
[SourceTitle "playchess.com"]
[Source "ChessBase"]
[SourceQuality "1"]
[WhiteTeam "Switzerland"]
[BlackTeam "Italy"]
[WhiteTeamCountry "SUI"]
[BlackTeamCountry "ITA"]
[TimeControl "40/5400+30:1800+30"]

1. d4 d5 2. c4 e6 3. Nf3 Nd7 4. g3 dxc4 5. Bg2 Rb8 6. a4 a6 7. a5 Bd6 8. O-O b5 9. axb6 Nxb6 10. Nbd2 Ne7 11. Nxc4 Nxc4 12. Qa4+ Rb5 13. Qxc4 O-O 14. e4 Bb7 15. Re1 Bb4 16. Re2 c5 17. Bg5 cxd4 18. Nxd4 Rxg5 19. Qxb4 Nc6 20. Nxc6 Bxc6 21. Rd2 Qa8 22. Qe7 Rb5 23. Rxa6 Qxa6 24. Rd8 Qa1+ 25. Bf1 h6 26. Rxf8+ Kh7 27. Qxf7 Rc5 28. Qg8+ Kg6 29. Qxe6+ Kh7 30. e5 Be4 31. Qe8 1-0

[Event "Mitropa Cup Women 2024"]
[Site "Apolda"]
[Date "2024.02.20"]
[Round "6.8"]
[White "Cassi, Elisa"]
[Black "Manko, Mariia"]
[Result "0-1"]
[ECO "B31"]
[WhiteElo "2033"]
[BlackElo "2128"]
[Annotator "NA RC"]
[PlyCount "66"]
[EventDate "2024.02.15"]
[EventType "team-tourn"]
[EventCountry "GER"]
[SourceTitle "playchess.com"]
[Source "ChessBase"]
[SourceQuality "1"]
[WhiteTeam "Italy"]
[BlackTeam "Switzerland"]
[WhiteTeamCountry "ITA"]
[BlackTeamCountry "SUI"]
[TimeControl "40/5400+30:1800+30"]

1. e4 c5 2. Nf3 Nc6 3. Bb5 g6 4. O-O Bg7 5. c3 Nf6 6. Re1 O-O 7. d4 d5 8. e5 Ne4 9. Bxc6 bxc6 10. Be3 c4 11. Nbd2 Nxd2 12. Nxd2 Bf5 $11 13. b3 Qa5 14. Qc1 Bd3 15. Bg5 f6 16. exf6 exf6 17. Bf4 Rfe8 18. Qb2 Bf8 19. bxc4 dxc4 20. Qb7 Qxc3 21. Qxc6 Qxd4 22. Nf3 Qc5 23. Qxf6 Bg7 24. Qh4 Bxa1 25. Rxa1 Re2 26. Be3 Rxe3 27. fxe3 c3 28. Qd4 Qxd4 29. Nxd4 c2 30. Nb3 a5 31. Nc5 Rb8 32. Rc1 Be4 33. Nb3 a4 0-1

[Event "Mitropa Cup Women 2024"]
[Site "Apolda"]
[Date "2024.02.20"]
[Round "6.9"]
[White "Hagarova, Zuzana"]
[Black "Novosadova, Kristyna"]
[Result "1-0"]
[ECO "C44"]
[WhiteElo "2280"]
[BlackElo "2188"]
[Annotator "TA"]
[PlyCount "61"]
[EventDate "2024.02.15"]
[EventType "team-tourn"]
[EventCountry "GER"]
[SourceTitle "playchess.com"]
[Source "ChessBase"]
[SourceQuality "1"]
[WhiteTeam "Slovakia"]
[BlackTeam "Czech Republic"]
[WhiteTeamCountry "SVK"]
[BlackTeamCountry "CZE"]
[TimeControl "40/5400+30:1800+30"]

1. e4 e5 2. Nf3 Nc6 3. d4 exd4 4. c3 d5 5. exd5 Qxd5 6. cxd4 Bg4 7. Be2 Bb4+ 8. Nc3 Bxf3 9. Bxf3 Qc4 10. Qb3 Qxb3 11. Bxc6+ bxc6 12. axb3 Ne7 {[%emt 0:08:07] The position is equal.} 13. Ke2 Kd7 14. Kd3 Rhb8 15. Kc2 Bd6 16. Ra5 Rb4 17. Rd1 Rab8 18. Rxa7 Rxb3 19. Rd3 f5 20. Ra5 h6 21. h4 h5 22. Re3 R3b4 23. Kd3 g6 24. Re2 Rb3 25. Kc2 Ng8 26. d5 Ne7 27. Re3 {[%emt 0:06:31] [#]} (27. Re1 $15) 27... c5 (27... R3b4 $1 $17 28. g3 f4) 28. Ra7 {[%emt 0:02:29] [#]} (28. Re6 $11) 28... f4 ({Black should try} 28... R3b4 $1 $17 29. g3 f4 30. gxf4 Bxf4) 29. Re6 $11 {[%emt 0:00:41][%cal Oe6d6] Black must now prevent Rxd6+!} R3b4 30. Ne4 Nf5 (30... R8b6 $11) 31. Nf6+ {[%emt 0:00:19] Weighted Error Value: White=0.15 (very precise) /Black=0.45.  Loses game:     	---       	Black=1      Mistake:       	White=2     	Black=2      Inaccurate:     	White=1     	---        OK:         	White=6     	Black=10     Best:        	White=2     	---} 1-0

[Event "Mitropa Cup Women 2024"]
[Site "Apolda"]
[Date "2024.02.20"]
[Round "6.10"]
[White "Koubova, Anna Marie"]
[Black "Walter, Ema"]
[Result "0-1"]
[ECO "E45"]
[WhiteElo "2100"]
[BlackElo "2124"]
[Annotator "RC"]
[PlyCount "70"]
[EventDate "2024.02.15"]
[EventType "team-tourn"]
[EventCountry "GER"]
[SourceTitle "playchess.com"]
[Source "ChessBase"]
[SourceQuality "1"]
[WhiteTeam "Czech Republic"]
[BlackTeam "Slovakia"]
[WhiteTeamCountry "CZE"]
[BlackTeamCountry "SVK"]
[TimeControl "40/5400+30:1800+30"]

1. d4 Nf6 2. c4 e6 3. Nc3 Bb4 4. e3 b6 5. Nge2 Ba6 6. a3 Be7 7. Nf4 d5 8. b3 O-O 9. Be2 c6 10. O-O Nbd7 11. Bb2 Rc8 12. Re1 Re8 13. Bd3 Nf8 14. e4 dxe4 15. Nxe4 Nxe4 16. Rxe4 Bb7 17. Qc2 c5 18. d5 exd5 19. cxd5 Bd6 20. Rxe8 Qxe8 21. Qc3 f6 22. Re1 Qf7 23. Qc4 Bxf4 24. Qxf4 Bxd5 25. Qd6 Rc6 26. Qxd5 Qxd5 27. Bc4 Qxc4 28. bxc4 Kf7 29. Bc3 Re6 30. Kf1 Nd7 31. Rc1 Re4 32. Bb2 Ke6 33. a4 Kd6 34. Rc3 Ne5 35. Rg3 Nxc4 0-1

[Event "Mitropa Cup Women 2024"]
[Site "Apolda"]
[Date "2024.02.20"]
[Round "6.11"]
[White "Sevcikova, Lucia"]
[Black "Lhotska, Anna"]
[Result "0-1"]
[ECO "A79"]
[WhiteElo "2007"]
[BlackElo "2053"]
[Annotator "NA RC"]
[PlyCount "106"]
[EventDate "2024.02.15"]
[EventType "team-tourn"]
[EventCountry "GER"]
[SourceTitle "playchess.com"]
[Source "ChessBase"]
[SourceQuality "1"]
[WhiteTeam "Slovakia"]
[BlackTeam "Czech Republic"]
[WhiteTeamCountry "SVK"]
[BlackTeamCountry "CZE"]
[TimeControl "40/5400+30:1800+30"]

1. d4 Nf6 2. c4 c5 3. d5 e6 4. Nc3 exd5 5. cxd5 d6 6. Nf3 g6 7. Nd2 Bg7 8. e4 O-O 9. Be2 Re8 10. O-O Na6 11. f3 Nc7 12. a4 b6 13. Nc4 Ba6 14. Qc2 Bxc4 15. Bxc4 a6 16. Rb1 Qd7 17. b4 b5 18. Be2 c4 19. a5 Qe7 20. Re1 Nh5 21. g4 Bd4+ 22. Kh1 Qh4 23. Bb2 Nf4 24. Qd2 Be5 25. Bf1 h5 26. Ne2 Nd3 27. Bxe5 Rxe5 28. Ng3 Nxe1 29. Rxe1 hxg4 30. f4 Ree8 31. Qd4 Rad8 32. Bg2 f5 33. Rf1 Re7 34. Rd1 Rh7 35. Nf1 g3 36. e5 g5 37. Qb6 Qxf4 38. Re1 Qf2 39. exd6 Rxh2+ 40. Nxh2 Qxe1+ 41. Nf1 Rd7 42. dxc7 Rh7+ 43. Kg1 Qf2+ 44. Qxf2 gxf2+ 45. Kxf2 Rxc7 46. Ke2 Kf7 47. Ne3 Kf6 48. Bh3 g4 49. Bg2 Kg5 50. Nc2 f4 51. Nd4 f3+ 52. Kf2 Rd7 53. Ne6+ Kh4 0-1